 Dungeon Crawl Stone Soup version 0.23-a0-713-ge59bbb1 (webtiles) character file.

30 Blackhawk the Ducker (level 3, 1/28 HPs)
             Began as a Demonspawn Gladiator on Jan 15, 2019.
             Quit the game on level 1 of the Dungeon.
             The game lasted 00:01:04 (536 turns).

Blackhawk the Ducker (Demonspawn Gladiator)          Turns: 536, Time: 00:01:04

Health: 1/28       AC:  4    Str: 14 (15) XL:     3   Next: 3%
Magic:  3/3        EV: 12    Int:  8 (9)  God:
Gold:   39         SH:  0    Dex: 11 (14) Spells: 2/2 levels left

rFire    + . .     SeeInvis .   a - +0 war axe
rCold    + . .     Gourm    .   (no shield)
rNeg     . . .     Faith    .   b - +0 leather armour
rPois    +         Spirit   .   c - +0 helmet
rElec    +         Reflect  .   (no cloak)
rCorr    +         Harm     .   (no gloves)
MR       .....                  (no boots)
Stlth    +.........             (no amulet)
HPRegen  0.09/turn              (no ring)
MPRegen  0.08/turn              (no ring)

@: lethally poisoned (1 -> -8), resistant
A: rot immunity
a: no special abilities


You were on level 1 of the Dungeon.
You were not hungry.

You visited 1 branch of the dungeon, and saw 1 of its levels.

You collected 39 gold pieces.

Inventory:

Hand Weapons
 a - a +0 war axe (weapon)
Missiles
 d - 3 throwing nets (quivered)
Armour
 b - a +0 leather armour (worn)
 c - a +0 helmet (worn)
Scrolls
 e - a scroll of identify {unknown}
 j - a scroll of teleportation {unknown}
Potions
 h - a potion of degeneration
Comestibles
 f - 2 rations
 g - 6 chunks of flesh


   Skills:
 + Level 2.4 Fighting
 + Level 3.0 Axes
 + Level 2.2 Throwing
 + Level 3.0 Dodging


You had 2 spell levels left.
You didn't know any spells.
Your spell library was empty.

Dungeon Overview and Level Annotations

Branches:
Dungeon (1/15)

Altars:


Innate Abilities, Weirdness & Mutations

You are immune to rotting.


Message History

The giant cockroach is almost dead.
* * * LOW HITPOINT WARNING * * *
You feel sick. The giant cockroach misses you.
The giant cockroach barely misses you.
You hit the giant cockroach.
You kill the giant cockroach!
* * * LOW HITPOINT WARNING * * *
You feel sick.
* * * LOW HITPOINT WARNING * * *
You feel sick.
Quiver which item? (- for none, * to show all) (? for menu, Esc to quit)
You don't have any such object.
Quiver which item? (- for none, * to show all) (? for menu, Esc to quit)
That's the wrong kind of item! (Use * to select it.) Quiver which item? (- for none, * to show all) (? for menu, Esc to quit)
Okay, then.
Unknown command.
Quiver which item? (- for none, * to show all) (? for menu, Esc to quit)
Okay, then.
Are you sure you want to abandon this character and quit the game? (Confirm with "yes".)

### #.. # ###.#
#####.#
##...###.....
#.....#...# .
#.......@.#....
#..
#..)....†......#
#.#
##...########.##
#.# ##.## #.#
#.# #.# #.# ##+#
#.# #.# ##...##
#.# ####.#
##.....## #.##
#....##
##.......## #...


There were no monsters in sight!

Vanquished Creatures
  2 oozes (D:1)
  A ball python (D:1)
  A bat (D:1)
  2 giant cockroaches (D:1)
  2 goblins (D:1)
  A hobgoblin (D:1)
  3 jackals (D:1)
  2 kobolds (D:1)
  A frilled lizard (D:1)
  4 rats (D:1)
19 creatures vanquished.

Notes
Turn   | Place    | Note
-------+----------+-------------------------------------------
     0 | D:1      | Blackhawk the Demonspawn Gladiator began the quest for the
                  | Orb.
     0 | D:1      | Reached XP level 1. HP: 16/16 MP: 1/1
   162 | D:1      | Gained mutation: You are immune to rotting. [demonic
                  | ancestry]
   162 | D:1      | Reached XP level 2. HP: 22/22 MP: 2/2
   525 | D:1      | Reached XP level 3. HP: 17/28 MP: 3/3
   535 | D:1      | HP: 1/28 [poisoned by a goblin]
   536 | D:1      | Quit the game

Vault maps used:
D:1:      wander_arrival_peaceful_grave

Skill      XL: |  1  2 |
---------------+-------+-----
Throwing       | 2 |  2.2
Dodging        | 3 |  3.0
Axes           | 3 |  3.0
Fighting       | |  2.4

Action                   || total
-------------------------++-------
Melee: War axe           ||    53
  Use: Potion            ||     2
 Stab: Sleeping          ||     1
Armor: Leather armour    ||    22
Dodge: Dodged            ||    29

Table legend:
 A = Non-vault XP
 B = Vault XP
 C = Vault XP percentage of total XP
 D = Non-vault monster count
 E = Vault monster count
 F = Vault count percentage of total count
                 A         B        C        D         E       F
            +---------+---------+-------+---------+---------+-------
      Total |      43 |       0 |   0.0 |      19 |       0 |   0.0
            +---------+---------+-------+---------+---------+-------
        D:1 |      43 |       0 |   0.0 |      19 |       0 |   0.0
            +---------+---------+-------+---------+---------+-------
